AoeStats
← 短路

Arabia

508413471Analyzed
1v1 RM · 9d ago on Sep 22, 2026· 27m 41s· 2 players
Game mode
Random Map
Map size
Tiny (2 player)
Population
200
Speed
Normal
Resources
Standard
Victory
Conquest
Starting age
Dark Age
Ending age
Imperial Age
RankedLock teamsTeams togetherTeam positionsShared explorationLock speedFull tech treeHidden civsTurbo modeCheats
Victory
Defeat
🇨🇳 Gurjaras · China
1931
+24
🇩🇪 Tupi · Germany
2113
-24
短路
6:23 Loom
8:48 Feudal Age
10:51 Double-Bit Axe
14:15 Fletching
20:09 Castle Age
19:44 Horse Collar
19:55 Gold Mining
20:18 Crossbowman
20:54 Bodkin Arrow
nC_Future
1:37 Loom
12:16 Feudal Age
12:25 Champi Runner
13:51 Scale Mail Armor
16:23 Double-Bit Axe
16:53 Arson
23:12 Castle Age
21:52 Gold Mining
22:29 Horse Collar
23:15 Champi Warrior
24:16 Chain Mail Armor
24:32 Squires
Connection lost

Rejoining the realm…

Still unreachable

The connection could not be restored.

Session expired

The server has moved on; the page needs a fresh start.